 Dungeon Crawl Stone Soup version 0.32-a0-913-g739538afd8 (webtiles) character file.

Game seed: 10945095344332787491

104 pokedragonboy the Shooter (level 4, -1/35 HPs)
             Began as a Coglin Hunter on Apr 9, 2024.
             Frozen to death by an endoplasm (4 damage)
             ... on level 3 of the Dungeon.
             The game lasted 00:03:11 (1734 turns).

pokedragonboy the Shooter (Coglin Hunter)           Turns: 1734, Time: 00:03:12

Health: -1/35      AC:  3    Str: 11    XL:     4   Next: 80%
Magic:  4/4        EV: 11    Int:  9    God:
Gold:   96         SH:  0    Dex: 19    Spells: 3/3 levels left

rFire   . . .        a - +2 sling {Salirch}
rCold   . . .        d - +0 sling {Yejun}
rNeg    . . .        c - +0 leather armour
rPois   .            (no helmet)
rElec   .            (no cloak)
rCorr   .            (no gloves)
SInv    .            (no boots)
Will    .....        (amulet unavailable)
Stlth   ++           (ring unavailable)
HPRegen 0.25/turn    (ring unavailable)
MPRegen 0.09/turn    (no gizmo)

%: no passive effects
@: revved
A: off-hand wielding, slow wielding, warmup strikes, no jewellery
a: Invent Gizmo, Convert to Beogh


You were on level 3 of the Dungeon.
You visited 1 branch of the dungeon, and saw 3 of its levels.

You collected 96 gold pieces.

Inventory:

Hand Weapons
 a - a +2 sling (weapon) {Salirch}
 d - a +0 sling (offhand) {Yejun}
Armour
 c - a +0 leather armour (worn)
Scrolls
 b - 2 scrolls of butterflies
 e - 4 scrolls of identify {unknown}
 f - a scroll of poison {unknown}
 g - a scroll of revelation
Potions
 h - a potion of curing {unknown}


   Skills:
 + Level 3.2 Fighting
 * Level 4.9 Ranged Weapons
 - Level 1.7 Dodging
 - Level 0.7 Stealth


You had 3 spell levels left.
You didn't know any spells.
Your spell library was empty.

Dungeon Overview and Level Annotations

Branches:
Dungeon (3/15)

Altars:
Dithmenos


Innate Abilities, Weirdness & Mutations

You can wield a second weapon in your off-hand.
It takes a long time for you to wield or remove held weapons.
Your first few attacks do less damage.
You cannot equip rings or amulets.


Message History

The orc priest hits you with a +0 hand axe.
* * * LOW HITPOINT WARNING * * *
Fire: a) +2 sling {Salirch}
Press: ? - help, Q - select action Shift-Dir - straight line, f/p - orc priest
Aim: an orc priest, wielding a +0 hand axe and wearing a +0 scale mail (severely wounded, 68% to hit)
You shoot a sling bullet.
The sling bullet hits the orc priest but does no damage.
The orc priest is severely wounded.
You shoot a sling bullet.
The sling bullet barely misses the orc priest.
The orc priest threatens, "Beogh's wrath is as vast as their mercy.
Make your choice!"
The endoplasm hits you but does no damage.
The orc priest looks encouraged for a moment.
Fire: a) +2 sling {Salirch}
Press: ? - help, Q - select action Shift-Dir - straight line, f/p - orc priest
Aim: an orc priest, wielding a +0 hand axe and wearing a +0 scale mail (severely wounded, 68% to hit)
You shoot a sling bullet. The sling bullet hits the orc priest.
The orc priest is severely wounded.
You shoot a sling bullet.
The sling bullet hits the orc priest but does no damage.
The orc priest is severely wounded.
The orc priest shouts, "Surrender to Beogh and we'll let you live!"
The endoplasm hits you but does no damage.
The orc priest hits you but does no damage.
The orc priest closely misses you. The endoplasm hits you.
* * * LOW HITPOINT WARNING * * *
Unknown command.
Fire: a) +2 sling {Salirch}
Press: ? - help, Q - select action Shift-Dir - straight line, f/p - orc priest
Aim: an orc priest, wielding a +0 hand axe and wearing a +0 scale mail (severely wounded, 68% to hit)
You shoot a sling bullet.
The sling bullet hits the orc priest but does no damage.
The orc priest is severely wounded.
You shoot a sling bullet. The sling bullet hits the orc priest.
The orc priest is almost dead.
The orc priest shouts, "Beogh offers mercy even to people such as you.
Join us and be reborn!"
The endoplasm freezes you.
You are frozen.
You die...

#..............
................
...........!..).$
.................
.................
...........)....#
..........o......
.........@J......
#................
#............##.#
#...............
#..............#
#...<.......##...
##........####
<#. ..........# #
#..........#


You could see an orc priest and an endoplasm.

Vanquished Creatures
  3 adders
  2 dart slugs
  2 ribbon worms (D:2)
  3 orcs (D:3)
  5 ball pythons
  5 endoplasms
  2 giant cockroaches
  6 goblins
  7 hobgoblins
  7 quokkas
  8 bats
  A frilled lizard (D:2)
  4 kobolds
  3 rats
58 creatures vanquished.

Notes
Turn   | Place    | Note
-------+----------+-------------------------------------------
     0 | D:1      | pokedragonboy the Coglin Hunter began the quest for the
                  | Orb.
     0 | D:1      | Reached XP level 1. HP: 16/16 MP: 1/1
   236 | D:1      | Reached XP level 2. HP: 17/22 MP: 2/2
   334 | D:1      | Reached skill level 4 in Ranged Weapons
   480 | D:1      | Reached XP level 3. HP: 28/28 MP: 3/3
   529 | D:1      | Found a faded altar of an unknown god.
   873 | D:2      | Found a shadowy altar of Dithmenos.
  1197 | D:2      | Reached XP level 4. HP: 34/34 MP: 4/4
  1734 | D:3      | Frozen to death by an endoplasm

Illustrated notes

Levels and vault maps discovered:
D:1:      heliophobic_arrival_dark_side_of_the_moon, layout_basic,
          shapermc_ecumenical_altar_mp_vishouse
D:2:      minmay_skewed_foursquare, layout_basic, basic_altar,
          skrybe_limestone_x, hex_tiny, amethyst_killhole
D:3:      layout_rooms, nicolae_qazlal_beasts_of_the_sky,
          kennysheep_generic_room_4

Skill      XL: |  1  2  3  4 |
---------------+-------------+-----
Ranged Weapons | 4 |  4.9
Fighting       | 3 |  3.2
Dodging        | |  1.7
Stealth        | |  0.7

Action                     |  1- 3 |  4- 6 || total
---------------------------+-------+-------++-------
   Fire: Sling             |   158 |    78 ||   236
    Use: Scroll            |     1 |       ||     1
 Armour: Leather armour    |     7 |     9 ||    16
  Dodge: Dodged            |     7 |     6 ||    13

Table legend: (Time is in decaauts)
 A = Elapsed time spent in this place.
 B = Non-inter-level travel time spent in this place.
 C = Inter-level travel time spent in this place.
 D = Time resting spent in this place.
 E = Time spent auto-exploring this place.
 F = Levels seen in this place.
 G = Mean time per level.
                   A        B        C        D        E       F      G
               +--------+--------+--------+--------+--------+-----+--------+
         Total |   1761 |   1706 |     55 |      0 |   1467 |   3 |  587.0 |
       Dungeon |   1761 |   1706 |     55 |      0 |   1467 |   3 |  587.0 |
               +--------+--------+--------+--------+--------+-----+--------+

Top non-repeatable levels by time:
     D:1: 866 daAuts
     D:2: 843 daAuts
     D:3: 50 daAuts
